MLB
WASHINGTON NATIONALS @ CHICAGO CUBS
05/08/2020
 
TOP OF THE 1ST
Washington Nationals batting - Pitching for Chicago Cubs : RHP Adam Wainwright
Pitching: RHP Adam Wainwright
Batting: LHB Andrew Benintendi 0-0: Swinging Strike
0-1: Ground out 4-3 (Groundball, 4D, EV 105.0 MPH)
Batting: RHB Adeiny Hechavarria 0-0: Swinging Strike
0-1: Ball
1-1: Swinging Strike
1-2: Foul Ball, location: 2F
1-2: Ground out 6-3 (Groundball, 6, EV 87.5 MPH)
Batting: LHB Adam Eaton 0-0: Ball
1-0: Ground out 5-3 (Groundball, 56S, EV 86.3 MPH)
Top of the 1st over - 0 runs, 0 hits, 0 errors, 0 left on base; Washington 0 - Chicago 0
BOTTOM OF THE 1ST
Chicago Cubs batting - Pitching for Washington Nationals : RHP Michael Wacha
Pitching: RHP Michael Wacha
Batting: RHB Michael A. Taylor 0-0: Called Strike
0-1: Foul Ball, location: 2F
0-2: Ball
1-2: Strikes out looking
Batting: RHB Lourdes Gurriel Jr. 0-0: Foul Ball, location: 2F
0-1: Called Strike
0-2: Strikes out swinging, 2-3 out at first.
Batting: LHB Cody Bellinger 0-0: Foul Ball, location: 2F
0-1: Ball
1-1: Fly out, F5 (Flyball, 56D, EV 87.5 MPH)
Bottom of the 1st over - 0 runs, 0 hits, 0 errors, 0 left on base; Washington 0 - Chicago 0
TOP OF THE 2ND
Washington Nationals batting - Pitching for Chicago Cubs : RHP Adam Wainwright
Batting: LHB Yonder Alonso 0-0: Ball
1-0: Called Strike
1-1: Ball
2-1: Ball
3-1: SOLO HOME RUN (Flyball, 89XD, EV 100.6 MPH), Distance : 419 ft
Batting: LHB Jackie Bradley Jr. 0-0: Ball
1-0: Ball
2-0: Called Strike
2-1: Called Strike
2-2: Fly out, F9 (Line Drive, 9D, EV 102.5 MPH)
Batting: RHB Evan Longoria 0-0: Ball
1-0: Ball
2-0: Fly out, F7 (Flyball, 7D, EV 106.3 MPH)
Batting: RHB Francisco Cervelli 0-0: Swinging Strike
0-1: Called Strike
0-2: Ball
1-2: DOUBLE (Groundball, 5L, EV 106.3 MPH)
Batting: SHB Jed Lowrie 0-0: Ground out 3-1 (Groundball, 34, EV 78.8 MPH)
Top of the 2nd over - 1 run, 2 hits, 0 errors, 1 left on base; Washington 1 - Chicago 0
BOTTOM OF THE 2ND
Chicago Cubs batting - Pitching for Washington Nationals : RHP Michael Wacha
Batting: SHB Yoan Moncada 0-0: Called Strike
0-1: Foul Ball, location: 2F
0-2: Ball
1-2: Foul Ball, location: 2F
1-2: Foul Ball, location: 2F
1-2: Ball
2-2: Foul Ball, location: 2F
2-2: Strikes out swinging, 2-3 out at first.
Batting: RHB Ryan Braun 0-0: Ball
1-0: Ball
2-0: Called Strike
2-1: Foul Ball, location: 2F
2-2: Ball
3-2: Foul Ball, location: 2F
3-2: SINGLE (Line Drive, 9S, EV 95.6 MPH)
Batting: LHB Brandon Lowe 0-0: Ball
1-0: Ball
2-0: DOUBLE (Line Drive, 7LM, EV 113.8 MPH)
Ryan Braun to third
Batting: RHB Paul DeJong 0-0: Ball
1-0: Called Strike
1-1: Fly out, F7 (Flyball, 7D, EV 98.8 MPH)
Runner from 3rd tags up, SCORES, throw by LF
Batting: RHB John Hicks 0-0: Fly out, F8 (Flyball, 8LXD, EV 105.6 MPH)
Bottom of the 2nd over - 1 run, 2 hits, 0 errors, 1 left on base; Washington 1 - Chicago 1
TOP OF THE 3RD
Washington Nationals batting - Pitching for Chicago Cubs : RHP Adam Wainwright
Batting: RHB Michael Wacha 0-0: Called Strike
0-1: Ball
1-1: Swinging Strike
1-2: Foul Ball, location: 2F
1-2: Strikes out swinging
Batting: LHB Andrew Benintendi 0-0: Ball
1-0: Called Strike
1-1: Ball
2-1: Ball
3-1: DOUBLE (Line Drive, 9LM, EV 100.6 MPH)
Batting: RHB Adeiny Hechavarria 0-0: Ball
1-0: Ball
2-0: Fly out, F8 (Line Drive, 8LD, EV 86.3 MPH)
Batting: LHB Adam Eaton 0-0: Foul Ball, location: 2F
0-1: Called Strike
0-2: SINGLE (Groundball, 34D, EV 110.0 MPH)
Andrew Benintendi to third
Runner from 3rd tries for Home, SAFE, throw by RF to home
Batting: LHB Yonder Alonso 0-0: Ball
1-0: Foul Ball, location: 2F
1-1: Swinging Strike
1-2: Foul Ball, location: 2F
1-2: SINGLE (Flyball, 4MD, EV 88.8 MPH)
Adam Eaton to second
Batting: LHB Jackie Bradley Jr. 0-0: Swinging Strike
0-1: DOUBLE (Line Drive, 89D, EV 111.9 MPH)
Adam Eaton scores
Yonder Alonso to third
Batting: RHB Evan Longoria 0-0: Ball
1-0: DOUBLE (Line Drive, 9LS, EV 106.3 MPH)
Yonder Alonso scores
Jackie Bradley Jr. scores
Batting: RHB Francisco Cervelli 0-0: Ball
1-0: Called Strike
1-1: Ball
2-1: Foul Ball, location: 2F
2-2: Foul Ball, location: 2F
2-2: Ball
3-2: Foul Ball, location: 2F
3-2: Foul Ball, location: 2F
3-2: Base on Balls
Pitching: RHP Zach Plesac
Batting: SHB Jed Lowrie 0-0: Ball
1-0: Ball
2-0: Ball
3-0: Called Strike
3-1: Called Strike
3-2: SINGLE (Line Drive, 7S, EV 101.3 MPH)
Evan Longoria to third
Francisco Cervelli to second
Evan Longoria scores
Francisco Cervelli to third
Batting: RHB Michael Wacha 0-0: Called Strike
0-1: Foul Ball, location: 2F
0-2: Foul Ball, location: 2F
0-2: Ball
1-2: Foul Ball, location: 2F
1-2: Foul Ball, location: 2F
1-2: Strikes out looking
Top of the 3rd over - 5 runs, 6 hits, 0 errors, 2 left on base; Washington 6 - Chicago 1
BOTTOM OF THE 3RD
Chicago Cubs batting - Pitching for Washington Nationals : RHP Michael Wacha
Batting: RHB Zach Plesac 0-0: Fly out, F9 (Line Drive, 9, EV 91.3 MPH)
Batting: RHB Michael A. Taylor 0-0: Ball
1-0: Called Strike
1-1: Swinging Strike
1-2: SINGLE (Line Drive, 8RS, EV 101.3 MPH)
Batting: RHB Lourdes Gurriel Jr. 0-0: Called Strike
Michael A. Taylor steals 2nd base (no throw)
0-1: Foul Ball, location: 2F
0-2: Ball
1-2: Ball
2-2: Fly out, F5 (Popup, 5L, EV 81.3 MPH)
Batting: LHB Cody Bellinger 0-0: SINGLE (Groundball, 4MD, EV 102.5 MPH)
Michael A. Taylor to third
Runner from 3rd tries for Home, throw by CF and OUT! 8-2
Bottom of the 3rd over - 0 runs, 2 hits, 0 errors, 1 left on base; Washington 6 - Chicago 1
TOP OF THE 4TH
Washington Nationals batting - Pitching for Chicago Cubs : RHP Zach Plesac
Batting: LHB Andrew Benintendi 0-0: Foul Ball, location: 2F
0-1: Foul Ball, location: 2F
0-2: SINGLE (Groundball, 4M, EV 95.6 MPH) (infield hit)
Batting: RHB Adeiny Hechavarria 0-0: Ground out 5-3 (Groundball, 15, EV 88.8 MPH)
Andrew Benintendi to second
Batting: LHB Adam Eaton 0-0: Called Strike
0-1: SINGLE (Groundball, 56D, EV 99.4 MPH) - runner OUT being hit by batted ball. (infield hit)
Batting: LHB Yonder Alonso 0-0: Ball
1-0: Ball
2-0: Called Strike
2-1: Ball
3-1: Ground out 1-3 (Groundball, 15S, EV 76.3 MPH)
Top of the 4th over - 0 runs, 2 hits, 0 errors, 1 left on base; Washington 6 - Chicago 1
BOTTOM OF THE 4TH
Chicago Cubs batting - Pitching for Washington Nationals : RHP Michael Wacha
Batting: SHB Yoan Moncada 0-0: Ball
1-0: SINGLE (Line Drive, 6MD, EV 101.9 MPH)
Batting: RHB Ryan Braun 0-0: Called Strike
0-1: Foul Ball, location: 2F
0-2: Ball
1-2: Ball
2-2: Ball
3-2: Foul Ball, location: 2F
3-2: SINGLE (Groundball, 3D, EV 95.6 MPH)
Yoan Moncada to second
Yoan Moncada to third
Batting: LHB Brandon Lowe 0-0: Ball
1-0: Fly out, F8 (Flyball, 89XD, EV 106.9 MPH)
Runner from 3rd tags up, SCORES, no throw by CF
Batting: RHB Paul DeJong 0-0: Ball
1-0: Foul Ball, location: 2F
1-1: Ball
2-1: Foul Ball, location: 2F
2-2: 2-RUN HOME RUN (Flyball, 7D, EV 110.0 MPH), Distance : 394 ft
Batting: RHB John Hicks 0-0: Ball
1-0: Foul Ball, location: 2F
1-1: Ball
2-1: Foul Ball, location: 2F
2-2: Strikes out swinging, 2-3 out at first.
Batting: RHB Zach Plesac 0-0: Ball
1-0: Called Strike
1-1: SINGLE (Groundball, 4MD, EV 97.5 MPH)
Batting: RHB Michael A. Taylor 0-0: Fly out, F8 (Line Drive, 8RM, EV 98.1 MPH)
Bottom of the 4th over - 3 runs, 4 hits, 0 errors, 1 left on base; Washington 6 - Chicago 4
TOP OF THE 5TH
Washington Nationals batting - Pitching for Chicago Cubs : RHP Zach Plesac
Batting: LHB Jackie Bradley Jr. 0-0: SOLO HOME RUN (Flyball, 9D, EV 93.8 MPH), Distance : 395 ft
Batting: RHB Evan Longoria 0-0: Ball
1-0: Foul Ball, location: 2F
1-1: Ball
2-1: SOLO HOME RUN (Flyball, 78XD, EV 103.8 MPH), Distance : 411 ft
Batting: RHB Francisco Cervelli 0-0: Called Strike
0-1: Ball
1-1: Fly out, F8 (Flyball, 8LM, EV 88.1 MPH)
Batting: SHB Jed Lowrie 0-0: Called Strike
0-1: DOUBLE (Line Drive, 78D, EV 107.5 MPH)
Batting: RHB Michael Wacha 0-0: Ball
1-0: Swinging Strike
1-1: Ball
2-1: Swinging Strike
2-2: Foul Ball, location: 2F
2-2: Strikes out swinging
Pitching: RHP James Bourque
Batting: LHB Andrew Benintendi 0-0: Ball
1-0: Ball
2-0: Ball
3-0: Base on Balls
Batting: RHB Adeiny Hechavarria 0-0: Fly out, F9 (Line Drive, 9, EV 93.1 MPH)
Top of the 5th over - 2 runs, 3 hits, 0 errors, 2 left on base; Washington 8 - Chicago 4
BOTTOM OF THE 5TH
Chicago Cubs batting - Pitching for Washington Nationals : RHP Michael Wacha
Batting: RHB Lourdes Gurriel Jr. 0-0: Ball
1-0: Called Strike
1-1: Called Strike
1-2: Foul Ball, location: 2F
1-2: Foul Ball, location: 2F
1-2: Strikes out swinging
Batting: LHB Cody Bellinger 0-0: Ground out 1-3 (Groundball, 13S, EV 73.8 MPH)
Batting: SHB Yoan Moncada 0-0: Called Strike
0-1: Ball
1-1: Ball
2-1: Ground out 5-3 (Groundball, 56, EV 91.3 MPH)
Bottom of the 5th over - 0 runs, 0 hits, 0 errors, 0 left on base; Washington 8 - Chicago 4
TOP OF THE 6TH
Washington Nationals batting - Pitching for Chicago Cubs : RHP James Bourque
Batting: LHB Adam Eaton 0-0: Ball
1-0: Ball
2-0: Ball
3-0: Called Strike
3-1: Foul Ball, location: 2F
3-2: Base on Balls
Batting: LHB Yonder Alonso 0-0: Ball
1-0: Called Strike
1-1: Called Strike
1-2: Ball
2-2: Foul Ball, location: 2F
2-2: Foul Ball, location: 2F
2-2: Ball
3-2: Foul Ball, location: 2F
3-2: Base on Balls
Adam Eaton to second
Batting: LHB Jackie Bradley Jr. 0-0: Foul Ball, location: 2F
0-1: Swinging Strike
0-2: Strikes out swinging
Batting: RHB Evan Longoria 0-0: Ball
1-0: Swinging Strike
1-1: Single, Error in OF, E7, batter to second base (Groundball, 56D, EV 93.8 MPH)
Adam Eaton scores
Yonder Alonso to third
Pitching: RHP Drew Smith
Batting: RHB Francisco Cervelli 0-0: Called Strike
0-1: Ball
1-1: Fly out, F5 (Popup, 5SF, EV 75.6 MPH)
Batting: SHB Jed Lowrie 0-0: Ball
1-0: Called Strike
1-1: Foul Ball, location: 2F
1-2: Ball
2-2: Foul Ball, location: 2F
2-2: Ball
3-2: Ground out 4-3 (Groundball, 4, EV 78.1 MPH)
Top of the 6th over - 1 run, 1 hit, 1 error, 2 left on base; Washington 9 - Chicago 4
BOTTOM OF THE 6TH
Chicago Cubs batting - Pitching for Washington Nationals : RHP Michael Wacha
Batting: RHB Ryan Braun 0-0: SINGLE (Groundball, 56D, EV 106.3 MPH)
Batting: LHB Brandon Lowe 0-0: Called Strike
0-1: Ball
1-1: Foul Ball, location: 2F
1-2: Foul Ball, location: 2F
Balk!
Ryan Braun to second
1-2: Strikes out swinging
Batting: RHB Paul DeJong 0-0: Swinging Strike
0-1: Ball
1-1: Fly out, F7 (Flyball, 7S, EV 76.9 MPH)
Batting: RHB John Hicks 0-0: Ground out 5-3 (Groundball, 5L, EV 85.6 MPH)
Bottom of the 6th over - 0 runs, 1 hit, 0 errors, 1 left on base; Washington 9 - Chicago 4
TOP OF THE 7TH
Washington Nationals batting - Pitching for Chicago Cubs : RHP Drew Smith
Pinch Hitting: RHB Tyler White 0-0: Ball
1-0: Fly out, F2 (Popup, 2RF, EV 85.6 MPH)
Batting: LHB Andrew Benintendi 0-0: Ball
1-0: Ball
2-0: Ball
3-0: Base on Balls
Batting: RHB Adeiny Hechavarria 0-0: Ball
1-0: Fielders Choice at 2nd, 5-4 (Groundball, 56, EV 97.5 MPH)
Batting: LHB Adam Eaton 0-0: Ball
1-0: Fielders Choice at 2nd, 6-4 (Groundball, 6, EV 79.4 MPH)
Top of the 7th over - 0 runs, 0 hits, 0 errors, 1 left on base; Washington 9 - Chicago 4
BOTTOM OF THE 7TH
Chicago Cubs batting - Pitching for Washington Nationals : RHP Michael Wacha
Pitching: RHP Eduardo Jimenez
Pinch Hitting: RHB Justin Upton 0-0: Ball
1-0: Ball
2-0: Foul Ball, location: 2F
2-1: Ball
3-1: Ground out 6-3 (Groundball, 6, EV 85.0 MPH)
Batting: RHB Michael A. Taylor 0-0: Called Strike
0-1: Ball
1-1: Swinging Strike
1-2: SINGLE (Line Drive, 78M, EV 106.3 MPH)
Batting: RHB Lourdes Gurriel Jr. 0-0: Ball
1-0: Foul Ball, location: 2F
1-1: Ball
2-1: Foul Ball, location: 2F
2-2: Ball
3-2: Base on Balls
Michael A. Taylor to second
Batting: LHB Cody Bellinger 0-0: Ball
1-0: Foul Ball, location: 2F
1-1: Called Strike
1-2: Fielders Choice at 2nd, 3-6 (Groundball, 3, EV 81.3 MPH)
Michael A. Taylor to third
Batting: SHB Yoan Moncada 0-0: Fly out, F7 (Flyball, 78D, EV 101.3 MPH)
Bottom of the 7th over - 0 runs, 1 hit, 0 errors, 2 left on base; Washington 9 - Chicago 4
TOP OF THE 8TH
Washington Nationals batting - Pitching for Chicago Cubs : RHP Drew Smith
Pitching: RHP Wyatt Mills
Batting: LHB Yonder Alonso 0-0: Ball
1-0: Ball
2-0: Called Strike
2-1: SOLO HOME RUN (Line Drive, 9LD, EV 105.0 MPH), Distance : 396 ft
Batting: LHB Jackie Bradley Jr. 0-0: Ball
1-0: Ball
2-0: Ground out 4-3 (Groundball, 34D, EV 88.1 MPH)
Batting: RHB Evan Longoria 0-0: Called Strike
0-1: Foul Ball, location: 2F
0-2: Fly out, F9 (Flyball, 89M, EV 90.6 MPH)
Batting: RHB Francisco Cervelli 0-0: Ball
1-0: Ball
2-0: Called Strike
2-1: Foul Ball, location: 2F
2-2: Foul Ball, location: 2F
2-2: Strikes out swinging
Top of the 8th over - 1 run, 1 hit, 0 errors, 0 left on base; Washington 10 - Chicago 4
BOTTOM OF THE 8TH
Chicago Cubs batting - Pitching for Washington Nationals : RHP Eduardo Jimenez
Batting: RHB Ryan Braun 0-0: Ball
1-0: Called Strike
1-1: Foul Ball, location: 2F
1-2: Ball
2-2: Foul Ball, location: 2F
2-2: Ball
3-2: Base on Balls
Batting: LHB Brandon Lowe 0-0: Called Strike
0-1: Foul Ball, location: 2F
0-2: Grounds into double play, 6-4-3 (Groundball, 6, EV 95.0 MPH)
Batting: RHB Paul DeJong 0-0: Ball
1-0: SOLO HOME RUN (Flyball, 78XD, EV 105.6 MPH), Distance : 392 ft
Batting: RHB John Hicks 0-0: SINGLE (Groundball, 5D, EV 103.1 MPH)
Pinch Hitting: LHB Rougned Odor 0-0: Foul Ball, location: 2F
0-1: Ball
1-1: Ball
2-1: Ball
3-1: Base on Balls
John Hicks to second
Pitching: RHP Dominic Leone
Batting: RHB Michael A. Taylor 0-0: Ball
1-0: Swinging Strike
1-1: Ball
2-1: Fly out, F7 (Line Drive, 7, EV 91.9 MPH)
Bottom of the 8th over - 1 run, 2 hits, 0 errors, 2 left on base; Washington 10 - Chicago 5
TOP OF THE 9TH
Washington Nationals batting - Pitching for Chicago Cubs : RHP Wyatt Mills
Pitching: LHP Phillip Diehl
Batting: SHB Jed Lowrie 0-0: Ground out 6-3 (Groundball, 6, EV 85.0 MPH)
Pinch Hitting: LHB Matt Beaty 0-0: Called Strike
0-1: Foul Ball, location: 2F
0-2: Ball
1-2: Ball
2-2: Fly out, F9 (Flyball, 89D, EV 78.8 MPH)
Batting: LHB Andrew Benintendi 0-0: Called Strike
0-1: Ball
1-1: Called Strike
1-2: Strikes out swinging
Top of the 9th over - 0 runs, 0 hits, 0 errors, 0 left on base; Washington 10 - Chicago 5
BOTTOM OF THE 9TH
Chicago Cubs batting - Pitching for Washington Nationals : RHP Dominic Leone
Pitching: LHP Adam Morgan
Batting: RHB Lourdes Gurriel Jr. 0-0: Fly out, F8 (Line Drive, 8RM, EV 90.0 MPH)
Batting: LHB Cody Bellinger 0-0: Ball
1-0: Foul Ball, location: 2F
1-1: Foul Ball, location: 2F
1-2: Foul Ball, location: 2F
1-2: Ball
2-2: Ball
3-2: Fly out, F7 (Flyball, 7LM, EV 81.9 MPH)
Batting: SHB Yoan Moncada 0-0: Called Strike
0-1: Called Strike
0-2: Foul Ball, location: 2F
0-2: Strikes out swinging
Bottom of the 9th over - 0 runs, 0 hits, 0 errors, 0 left on base; Washington 10 - Chicago 5
Monday, June 29th, 2020 - OOTP Baseball 21.4 Build 63